cohdb
Replays
Latest Replays
All Replays
Popular Replays
Top Player Replays
Match Explorer
How It Works
Community
CoH3 Stats
Reddit
Sign in to upload your games and track your stats! →
Sign in with Steam
Match 43762225
Unlisted
Match 43762225
Overview
Messages
Build Orders
End
Royal Engineer Section
Construct Section Command Post
Selects Canadian Shock Battlegroup
Selects Canadian Shock Battlegroup
Selects Canadian Shock Battlegroup
Infantry Section
Infantry Section
Grenade Package
Selects Incendiary Munitions
Infantry Section
Construct Platoon Command Post
Selects Offensive Resupply
Selects Canadian Shock Section
6-pounder Anti-tank Gun Team
6-pounder Anti-tank Gun Team
Selects Pyrotechnics
Infantry Training
Construct Company Command Post
Selects Demolition Engineering
Crusader II Medium Tank
Selects Smoke Operation
Canadian Shock Section
Crusader II Medium Tank
Demolition Engineering
STALKER4732
SoyaLors
kit.ohume
Devochkin
Hawake
simiver
SuperAnchovy
wintersinger
0
0
Comments
sign in to comment!
No comments posted yet!